 Dungeon Crawl Stone Soup version 0.19-a0-32-gbfd796a (webtiles) character file.

38 M4edhros the Grave Robber (level 3, -5/21 HPs)
             Began as an Octopode Necromancer on May 2, 2016.
             Killed by divine providence
             ... invoked by an orc priest
              (10 damage)
             ... on level 3 of the Dungeon.
             The game lasted 00:03:03 (527 turns).

M4edhros the Grave Robber (Octopode Necromancer)     Turns: 527, Time: 00:03:03

Health: -5/21      AC:  1    Str:  7    XL:     3   Next: 43%
Magic:  1/6        EV: 12    Int: 17    God:
Gold:   92         SH:  0    Dex: 13    Spells: 3 memorised, 1 level left

rFire  . . .     SeeInvis .       - Unarmed
rCold  . . .     Gourm    .     (no shield)
rNeg   . . .     Faith    .     (helmet restricted)
rPois  .         Spirit   .     (no amulet)
rElec  .         Dismiss  .     (no ring)
rCorr  .         Reflect  .     (no ring)
SustAt .         Harm     .     (no ring)
MR     .....                    (no ring)
Stlth  +++.......               (no ring)
                                (no ring)
                                (no ring)
                                (no ring)

@: very slightly contaminated, hasted, very quick, not resistant to hostile
enchantments, fairly stealthy
A: almost no armour, amphibious, 8 rings, constrict 8, camouflage 1, gelatinous
body 1
a: no special abilities


You were on level 3 of the Dungeon.
You were not hungry.

You visited 1 branch of the dungeon, and saw 3 of its levels.

You collected 92 gold pieces.

Inventory:

Hand Weapons
 f - a -3 blowgun
Missiles
 l - 17 poisoned needles
Scrolls
 c - a scroll of identify {unknown}
 e - a scroll of recharging {unknown}
 g - a scroll of remove curse
 i - a scroll of enchant weapon {unknown}
 k - a scroll of fog {unknown}
 m - a scroll of blinking {unknown}
Potions
 d - a potion of curing
Books
 a - a book of Necromancy

   Spells                             Type                      Level
   a - Pain                           Necromancy                   1
   b - Animate Skeleton               Necromancy                   1
   c - Vampiric Draining              Necromancy                   3
   d - Regeneration                   Charms/Necromancy            3
   e - Animate Dead                   Necromancy                   4
   f - Control Undead                 Necromancy                   4
Comestibles
 b - 3 bread rations


   Skills:
 - Level 2.0 Dodging
 - Level 2.6 Stealth
 + Level 3.0 Unarmed Combat
 - Level 2.0 Spellcasting
 - Level 4.0 Necromancy


You had one spell level left.
You knew the following spells:

 Your Spells              Type           Power        Failure   Level  Hunger
a - Pain                  Necr           ###.         3%          1    #......
b - Animate Skeleton      Necr           N/A          3%          1    #......
r - Regeneration          Chrm/Necr      #.........   24%         3    ###....


Dungeon Overview and Level Annotations

Branches:
Dungeon (3/15)

Altars:


Innate Abilities, Weirdness & Mutations

You cannot wear most types of armour.
You are amphibious.
You can wear up to eight rings at the same time.
You can use your tentacles to constrict eight enemies at once.
Your skin changes colour to match your surroundings (Stealth).
Your rubbery body absorbs attacks (AC +1).


Message History

Okay, then.
Drink which item? (? for menu, Esc to quit)
It was a potion of cure mutation.
It has a very clean taste.
The orc priest shouts!
The orc barely misses you.
Drink which item? (? for menu, Esc to quit)
It was a potion of haste.
You feel yourself speed up. The orc priest misses you.
The orc barely misses you.
You tentacle-slap the orc priest but do no damage.
You grab the orc priest. You constrict the orc priest.
The orc priest calls down the wrath of Beogh upon you.
Pain shoots through your body!
Ouch! That really hurt!
* * * LOW HITPOINT WARNING * * *
You tentacle-slap the orc priest.
The orc priest is moderately wounded.
You constrict the orc priest. The orc misses you.
The orc priest mumbles some strange prayers to Beogh against you.
Beogh smites you!
You die...

#..# #..###.#
##..#..r. ...#.#.#
..#.#.# #.#.#.#
...#######.#.#.### .
#...)?o@.......####
..
#.######o.........#
...
..........>..#.##.[..
#####.##...#......# #
#.###....#.## #.#
#.###.#.##.##....
#.......<.)....#
###.........###...
#......#.#### #


You could see an orc priest and an orc.

Vanquished Creatures
  2 giant geckos (D:1)
  2 orcs (D:3)
  3 bats (D:1)
  A giant cockroach (D:2)
  4 hobgoblins (D:1)
  3 jackals (D:2)
  5 goblins
  6 kobolds
  3 rats
29 creatures vanquished.

Notes
Turn   | Place    | Note
--------------------------------------------------------------
     0 | D:1      | M4edhros the Octopode Necromancer began the quest for the Orb.
     0 | D:1      | Reached XP level 1. HP: 11/11 MP: 3/3
    55 | D:1      | Reached skill level 1 in Unarmed Combat
    74 | D:1      | Reached XP level 2. HP: 11/17 MP: 0/5
   210 | D:1      | Reached XP level 3. HP: 9/21 MP: 1/6
   213 | D:1      | Learned a level 1 spell: Animate Skeleton
   217 | D:1      | Learned a level 3 spell: Regeneration
   527 | D:3      | Killed from afar by an orc priest

Vault maps used:
D:1:      dpeg_arrival_erosion, serial_bayou, serial_bayou_shore_a,
          serial_bayou_pond_d, serial_bayou_shore_b, serial_bayou_pond_b,
          serial_park_tiny_1
D:2:      minivault_4, serial_park_tiny_2, fedhas_altar_fruit_tree, uniq_iyjb

Skill      XL: |  1  2  3 |
---------------+----------+-----
Unarmed Combat | 1 2 3 |  3.0
Dodging        | |  2.0
Stealth        | |  2.6
Spellcasting   | |  2.0
Necromancy     | |  4.0

Action                   || total
-------------------------++-------
Melee: Unarmed           ||    36
       Constrict         ||    13
       Tentacles         ||    10
       Punch             ||     2
 Cast: Pain              ||    27
       Regeneration      ||     1
  Use: Potion            ||     3
       Scroll            ||     2
Armor: Skin              ||     5
Dodge: Dodged            ||    28
